[Event "Team 45 45 League T37"]
[Site "Internet Chess Club"]
[Date "2008.05.13"]
[Round "3"]
[White "CMerli"]
[Black "SWAT-TEAM"]
[Result "1-0"]
[WhiteElo "2333"]
[BlackElo "2133"]
[Opening "English opening"]
[ECO "A10"]
[Time "21:33:52"]
[TimeControl "2700+45"]

1. c4 Nc6 2. d4 e5 3. d5 Bb4+ 4. Nd2 Nce7 5. a3 Bxd2+ 6. Bxd2 d6 7. e4 Nf6 8.
Bd3 a5 9. Ne2 Ng6 10. O-O Nh5 11. f4 exf4 12. Nd4 Qg5 13. Nb5 Bh3 14. Rf2 Kd8
15. c5 dxc5 16. d6 c6 17. Nc7 Ra7 18. Bc4 Ne5 19. Qb3 b5 20. Bxf7 Bd7 21. Bxh5
Qxh5 22. Bxf4 c4 23. Qe3 c5 24. Bg5+ Kc8 25. Qxc5 Nc6 26. Nxb5 Rb7 27. Raf1 Re8
28. Nd4 h6 29. Nxc6 Qxg5 30. Ne5+ Kb8 31. Rf8 Qd8 32. Nxd7+ Rxd7 33. Qb5+ Ka7
34. Rxe8 Qxe8 35. Qxa5+ Kb8 36. Qb5+ {Black resigns} 1-0

[Event "Team 45 45 League T37"]
[Site "Internet Chess Club"]
[Date "2008.05.11"]
[Round "3"]
[White "onslaught"]
[Black "trophyking"]
[Result "1/2-1/2"]
[WhiteElo "2147"]
[BlackElo "2265"]
[Opening "Grünfeld: Makogonov variation"]
[ECO "D94"]
[Time "17:41:39"]
[TimeControl "2700+45"]

1. d4 Nf6 2. c4 g6 3. Nc3 d5 4. Nf3 Bg7 5. e3 O-O 6. b4 b6 7. Ba3 c5 8. bxc5
bxc5 9. Rc1 cxd4 10. Nxd4 Bb7 11. Qb3 Qb6 12. Nxd5 Nxd5 13. cxd5 Qxb3 14. axb3
Bxd5 15. Bb5 a6 16. Ba4 Bf6 17. O-O Rd8 18. Rfd1 a5 19. Bc5 Nd7 20. Nc6 Nxc5 21.
Nxd8 Bxb3 22. Bxb3 Nxb3 23. Rc2 a4 24. Nc6 Kg7 25. Nb4 e6 26. Rd7 Rd8 27. Rxd8
Bxd8 28. Nc6 Bf6 29. Ra2 {Game drawn by mutual agreement} 1/2-1/2

[Event "Team 45 45 League T37"]
[Site "Internet Chess Club"]
[Date "2008.05.10"]
[Round "3"]
[White "FriedEggs"]
[Black "Juiceboat"]
[Result "0-1"]
[WhiteElo "1948"]
[BlackElo "2137"]
[Opening "QGD Slav defense"]
[ECO "D10"]
[Time "12:53:52"]
[TimeControl "2700+45"]

1. d4 d5 2. c4 c6 3. Nc3 Nf6 4. Bg5 dxc4 5. a4 h6 6. Bxf6 gxf6 7. g3 Bg4 8. Bg2
Na6 9. Nf3 Qa5 10. O-O O-O-O 11. h3 Bxf3 12. Bxf3 Nc5 13. Rb1 h5 14. e3 h4 15.
Kh2 Nb3 16. Qe2 e6 17. Rbd1 Qb4 18. Ne4 hxg3+ 19. fxg3 f5 20. Nd2 Nxd2 21. Rxd2
Bd6 22. Rc2 Rdg8 23. Rg1 Bc7 24. Qxc4 Qd6 25. Rcg2 Rxh3+ 26. Kxh3 Rh8+ 27. Bh5
Rxh5# {White checkmated} 0-1

[Event "Team 45 45 League T37"]
[Site "Internet Chess Club"]
[Date "2008.05.10"]
[Round "3"]
[White "jonesey"]
[Black "dmcheng"]
[Result "1-0"]
[WhiteElo "1969"]
[BlackElo "1385"]
[Opening "Sicilian defense"]
[ECO "B20"]
[Time "13:35:06"]
[TimeControl "2700+45"]

1. e4 c5 2. c4 Nc6 3. Nc3 Nf6 4. g3 d6 5. Bg2 g6 6. Nge2 Bg7 7. d3 O-O 8. O-O
Ne8 9. Be3 Nc7 10. d4 b6 11. e5 Bb7 12. exd6 exd6 13. dxc5 dxc5 14. Qa4 Qe8 15.
Rfe1 Nd8 16. Rad1 Qxa4 17. Nxa4 Bxg2 18. Kxg2 Nce6 19. Rd7 Nc6 20. Nf4 Ne5 21.
Nxe6 Nxd7 22. Nxf8 Nxf8 23. a3 Ne6 24. b4 cxb4 25. axb4 Nd4 26. Bxd4 Bxd4 27. c5
b5 28. Rd1 Bf6 29. Rd6 Kg7 30. Nb6 axb6 31. Rxb6 Be5 32. Rxb5 Rb8 33. Rxb8 Bxb8
34. b5 Kf6 35. b6 Ke7 36. c6 Kd6 37. c7 Bxc7 38. bxc7 Kxc7 39. Kf3 Kd6 40. Kf4
f6 41. Ke4 Ke6 42. f3 f5+ 43. Kd4 g5 44. f4 gxf4 45. gxf4 Kd6 46. Kc4 h6 47. Kd4
Ke6 48. Kc5 Kf6 49. Kd5 Kg6 50. Ke5 Kh5 51. Kxf5 Kh4 52. Kg6 Kg4 53. f5 h5 54.
f6 h4 55. f7 Kh3 56. Kg5 Kxh2 57. Kxh4 Kg2 58. f8=Q Kh2 59. Qf2+ Kh1 60. Qe2 Kg1
61. Kg3 Kh1 62. Qf1# {Black checkmated} 1-0

[Event "Team 45 45 League T37"]
[Site "Internet Chess Club"]
[Date "2008.05.11"]
[Round "3"]
[White "Checkmates"]
[Black "Miles295"]
[Result "1-0"]
[WhiteElo "2464"]
[BlackElo "2132"]
[Opening "Benoni defense"]
[ECO "A61"]
[Time "14:00:22"]
[TimeControl "2700+45"]

1. d4 Nf6 2. c4 c5 3. d5 e6 4. Nf3 exd5 5. cxd5 d6 6. Nc3 g6 7. Bf4 a6 8. e4 Bg4
9. Be2 Bxf3 10. Bxf3 Nbd7 11. O-O Be7 12. Bh6 Ne5 13. Be2 Qd7 14. Bg7 Rg8 15.
Bxf6 Bxf6 16. f4 b5 17. fxe5 Bxe5 18. Qd2 Qe7 19. Bf3 h5 20. a4 b4 21. Nd1 Bd4+
22. Kh1 g5 23. Bxh5 Rg7 24. Ne3 Rh7 25. Nf5 Qe5 26. Nxd4 Rxh5 27. Nf3 Qg7 28. g4
Rh3 29. Qg2 Rh7 30. e5 Kd7 31. e6+ Kc7 32. Rae1 f5 33. gxf5 g4 34. Rg1 Rah8 35.
Qxg4 Qxb2 36. Rg2 Qc3 37. e7 Rh3 {Black resigns} 1-0

[Event "Team 45 45 League T37"]
[Site "Internet Chess Club"]
[Date "2008.05.10"]
[Round "3"]
[White "Folgers"]
[Black "DTK"]
[Result "1/2-1/2"]
[WhiteElo "2076"]
[BlackElo "2163"]
[Opening "Trompowsky attack (Ruth, Opocenský opening)"]
[ECO "A45"]
[Time "12:00:23"]
[TimeControl "2700+45"]

1. d4 Nf6 2. Bg5 e6 3. e4 c5 4. Bxf6 Qxf6 5. e5 Qd8 6. d5 Qb6 7. Nc3 Qxb2 8.
Nge2 a6 9. a4 Qb6 10. Nf4 d6 11. dxe6 Bxe6 12. Nxe6 fxe6 13. exd6 Bxd6 14. Rb1
Qc6 15. Qh5+ g6 16. Qg4 Be5 17. Ne4 Nd7 18. Bc4 O-O-O 19. O-O Rhf8 20. g3 Rde8
21. Ng5 h5 22. Qe2 Rf5 23. Ne4 h4 24. c3 hxg3 25. Nxg3 Bxg3 26. fxg3 Ne5 27.
Rxf5 exf5 28. Rf1 Nxc4 29. Qxc4 Re4 30. Qg8+ Kc7 31. Rd1 Kb6 32. Qb3+ Ka7 33.
Kf2 Qxa4 34. Qxa4 Rxa4 35. Rd6 Ra2+ 36. Kg1 Rc2 37. Rxg6 a5 38. g4 fxg4 39. Rxg4
Rxc3 40. Kf1 Rc1+ 41. Ke2 Rc2+ 42. Kd3 Rxh2 43. Kc4 b6 44. Kb5 Rh7 45. Rg6 Rb7
46. Rf6 c4 47. Rc6 Rh7 48. Kxc4 Rh4+ 49. Kb3 Ka6 50. Rg6 a4+ 51. Ka3 Ka5 52. Rg8
Rh3+ 53. Ka2 b5 54. Rg5 a3 55. Rg8 Ka4 56. Ra8+ Kb4 57. Rg8 Rh2+ 58. Ka1 Rc2 59.
Kb1 Kb3 60. Rg3+ Rc3 61. Rg1 a2+ 62. Ka1 b4 63. Rg3 Ka4 64. Rg4 Rc1+ 65. Kxa2
Rc2+ {Game drawn by mutual agreement} 1/2-1/2

[Event "Team 45 45 League T37"]
[Site "Internet Chess Club"]
[Date "2008.05.09"]
[Round "3"]
[White "jorobo"]
[Black "Petrozjan"]
[Result "0-1"]
[WhiteElo "2086"]
[BlackElo "2043"]
[Opening "English: four knights, kingside fianchetto"]
[ECO "A29"]
[Time "14:13:04"]
[TimeControl "2700+45"]

1. c4 e5 2. Nc3 Nc6 3. Nf3 Nf6 4. g3 Bb4 5. Bg2 O-O 6. O-O e4 7. Ng5 Bxc3 8.
bxc3 Re8 9. f3 e3 10. d3 d5 11. Qb3 Na5 12. Qa3 c6 13. cxd5 cxd5 14. f4 Bg4 15.
Nf3 Nc6 16. Rb1 Qd7 17. Bb2 Bh3 18. Rfc1 Bxg2 19. Kxg2 Nh5 20. c4 Qg4 21. Kf1
Nxg3+ 22. hxg3 Qxg3 23. cxd5 Qf2# {White checkmated} 0-1

[Event "Team 45 45 League T37"]
[Site "Internet Chess Club"]
[Date "2008.05.09"]
[Round "3"]
[White "forketta"]
[Black "Ser-Enigma"]
[Result "0-1"]
[WhiteElo "1980"]
[BlackElo "2107"]
[Opening "QGA: 3.e4"]
[ECO "D20"]
[Time "15:05:04"]
[TimeControl "2700+45"]

1. d4 d5 2. c4 dxc4 3. e4 Nf6 4. e5 Nd5 5. Bxc4 Nb6 6. Bd3 Nc6 7. Ne2 Bg4 8. f3
Bh5 9. Nbc3 e6 10. a3 Be7 11. Be3 Qd7 12. O-O O-O-O 13. Bc2 Nc4 14. Bf2 Nxb2 15.
Qb1 Nc4 16. Rd1 Nxa3 17. Rxa3 Bxa3 18. d5 Nxe5 19. dxe6 Qc6 20. Rxd8+ Rxd8 21.
Be4 Qa6 22. Nb5 fxe6 23. Nxa3 Qxe2 24. Qxb7+ Kd7 25. Bc2 Ke8 26. Ba4+ Kf8 27.
Qb4+ Kg8 28. g4 Nd3 29. Qe7 Qxf2+ 30. Kh1 Qf1# {White checkmated} 0-1

[Event "Team 45 45 League T37"]
[Site "Internet Chess Club"]
[Date "2008.05.11"]
[Round "3"]
[White "killer21"]
[Black "PandorasBox"]
[Result "1/2-1/2"]
[WhiteElo "2236"]
[BlackElo "2124"]
[Opening "French: Tarrasch, closed variation"]
[ECO "C05"]
[Time "16:06:29"]
[TimeControl "2700+45"]

1. e4 e6 2. d4 d5 3. Nd2 Nf6 4. e5 Nfd7 5. f4 c5 6. Ndf3 Nc6 7. c3 cxd4 8. cxd4
Qa5+ 9. Bd2 Bb4 10. Bd3 Bxd2+ 11. Qxd2 Qxd2+ 12. Kxd2 Nb6 13. b3 Bd7 14. Ne2 Rc8
15. Rhc1 O-O 16. Rc3 a6 17. Rac1 Rc7 18. Bb1 Rfc8 19. Ne1 Na8 20. Nd3 b6 21. g4
h6 22. Rf1 Ne7 23. Rxc7 Nxc7 24. a4 Nc6 25. f5 f6 26. exf6 gxf6 27. fxe6 Nxe6
28. Rxf6 Kg7 29. Rf5 Nexd4 30. Nxd4 Nxd4 31. Rxd5 Nxb3+ 32. Ke3 Bxa4 33. Ne5 Rc5
34. Be4 Be8 35. Kf4 Rxd5 36. Bxd5 Nc5 37. h4 b5 38. g5 a5 39. Ke3 a4 40. Kd4 Na6
41. gxh6+ Kxh6 42. Bc6 a3 43. Kc3 b4+ 44. Kb3 Nc5+ 45. Ka2 Bg6 46. Bd5 Bc2 47.
Nc6 Nd3 48. Nd4 Nc1+ 49. Ka1 Bg6 50. Nc6 Nd3 51. Ka2 Be8 52. Nd4 Ba4 53. Bc4 Ne5
{Game drawn by mutual agreement} 1/2-1/2

[Event "Team 45 45 League T37"]
[Site "Internet Chess Club"]
[Date "2008.05.13"]
[Round "3"]
[White "Despair"]
[Black "gezira"]
[Result "0-1"]
[WhiteElo "1920"]
[BlackElo "2233"]
[Opening "Benko's opening"]
[ECO "A00"]
[Time "16:00:11"]
[TimeControl "2700+45"]

1. g3 Nf6 2. Bg2 g6 3. c3 Bg7 4. d4 d6 5. Nf3 O-O 6. O-O a5 7. Bf4 Na6 8. Qb3 c5
9. Nbd2 Rb8 10. Rac1 b5 11. Qc2 c4 12. e4 Nh5 13. Be3 e6 14. e5 f5 15. Bg5 Qc7
16. exd6 Qxd6 17. Rfe1 h6 18. Be3 Bb7 19. a4 Bd5 20. axb5 Rxb5 21. Bf1 Qb8 22.
Rb1 f4 23. gxf4 Nxf4 24. Bxc4 Bxc4 25. Nxc4 Nh3+ 26. Kg2 Qb7 27. Qe2 Ng5 28. Nd6
Qc6 29. Qxb5 Qxf3+ 30. Kf1 Nc7 31. Qd3 Nd5 32. Qd2 Nh3 {White resigns} 0-1

[Event "Team 45 45 League T37"]
[Site "Internet Chess Club"]
[Date "2008.05.10"]
[Round "3"]
[White "kingcapture"]
[Black "Kolibri"]
[Result "1/2-1/2"]
[WhiteElo "2228"]
[BlackElo "2019"]
[Opening "Sicilian defense"]
[ECO "B40"]
[Time "15:01:06"]
[TimeControl "2700+45"]

1. e4 c5 2. Nf3 e6 3. d3 Nc6 4. g3 d6 5. Bg2 Nf6 6. O-O Be7 7. Re1 O-O 8. c3 Re8
9. d4 cxd4 10. cxd4 d5 11. e5 Nd7 12. Nc3 b6 13. h4 Nf8 14. a3 Na5 15. Bg5 Ba6
16. b4 Nc4 17. b5 Bc8 18. Bf1 Na5 19. Qa4 Bd7 20. Bxe7 Qxe7 21. Qb4 Rac8 22.
Rec1 h5 23. Nd2 Ng6 24. Bd3 Nf8 25. f4 g6 26. Kf2 Kg7 27. Rc2 Nh7 28. Rac1 Kf8
29. Na2 Rxc2 30. Rxc2 Rc8 31. Rxc8+ Bxc8 32. Qc3 Bb7 33. a4 Ke8 34. Nb3 Nxb3 35.
Qxb3 Nf8 36. Qc3 Kd8 37. Nb4 Nd7 38. Be2 Nb8 39. Ke3 Kd7 40. Na6 Bxa6 41. bxa6
Kd8 42. Bb5 Nd7 43. Kf2 Nb8 44. Kg2 Nd7 45. a5 bxa5 46. Qxa5+ Nb6 47. Qc3 Nd7
48. Qc6 Nb8 49. Qc3 Nd7 50. Kh3 Nb8 51. Qa5+ Kc8 52. Ba4 Nd7 53. Qc3+ Kd8 54.
Qc6 Nb8 55. Qb5 Nd7 56. Qb7 Nb6 57. Qb8+ Nc8 58. Bc6 Qa3 59. Qb7 Qe7 60. Kg2 Nb6
61. Qb8+ Nc8 62. Qa8 Qa3 63. Qb7 Qe7 64. Bb5 Nb6 65. Qc6 Nc8 66. Kf1 Nb6 67. Ke2
Nc8 68. Kd1 Nb6 69. Kc2 Nc8 70. Qb7 Nb6 71. Qb8+ Nc8 72. Kb3 Qf8 73. Bc6 Qe7 74.
Ka2 Qc7 75. Qxc7+ Kxc7 76. Be8 Ne7 77. Bxf7 Kd7 78. Kb2 Nf5 79. Kc3 Nxg3 80. Kd3
Nf5 81. Bxg6 Nxh4 82. Bxh5 Ng2 83. Bg4 Nxf4+ 84. Ke3 Ng6 85. Kf3 Ne7 86. Kf4 Nc6
87. Ke3 Ke7 88. Be2 Kf7 89. Bb5 Ne7 90. Kd3 Nf5 91. Kc3 Ke7 92. Bd3 Ng7 93. Bg6
Ne8 94. Kd2 Nc7 95. Bd3 Kd7 96. Ke3 Ke7 97. Kf4 Na8 98. Bb5 {Game drawn by
mutual agreement} 1/2-1/2

[Event "Team 45 45 League T37"]
[Site "Internet Chess Club"]
[Date "2008.05.10"]
[Round "3"]
[White "LeSacAttack"]
[Black "Monsoon-Smith"]
[Result "1-0"]
[WhiteElo "2257"]
[BlackElo "2021"]
[Opening "Sicilian: Smith-Morra gambit"]
[ECO "B21"]
[Time "08:05:42"]
[TimeControl "2700+45"]

1. e4 c5 2. d4 cxd4 3. c3 d5 4. exd5 Qxd5 5. cxd4 Nc6 6. Nf3 Bg4 7. Nc3 Bxf3 8.
gxf3 Qxd4 9. Qxd4 Nxd4 10. Nb5 e5 11. Nc7+ Kd8 12. Nxa8 Bb4+ 13. Kd1 Ne7 14. Bh3
f5 15. f4 e4 16. Be3 Ndc6 17. Ke2 Kc8 18. Rac1 Kb8 19. a3 Bd6 20. Rhd1 Rd8 21.
f3 exf3+ 22. Kxf3 Kxa8 23. b4 b6 24. Ke2 {Black resigns} 1-0

[Event "Team 45 45 League T37"]
[Site "Internet Chess Club"]
[Date "2008.05.11"]
[Round "3"]
[White "Holzschlange"]
[Black "therealwizard"]
[Result "0-1"]
[WhiteElo "1894"]
[BlackElo "2182"]
[Opening "Scotch: Göring gambit"]
[ECO "C44"]
[Time "21:00:02"]
[TimeControl "2700+45"]

1. e4 e5 2. Nf3 Nc6 3. d4 exd4 4. c3 dxc3 5. Bc4 cxb2 6. Bxb2 d6 7. Nc3 Be7 8.
Nd5 Nf6 9. O-O O-O 10. Qd3 Na5 11. e5 dxe5 12. Bxe5 Nxd5 13. Bxd5 c6 14. Be4
Qxd3 15. Bxd3 Rd8 16. Be4 Nc4 17. Bc3 Be6 18. Rfe1 Bf6 19. Rec1 Bxc3 20. Rxc3
Nd2 21. Nxd2 Rxd2 22. h3 Rad8 23. Bf3 Rxa2 24. Rb1 Bc8 25. Bg4 Bxg4 26. hxg4 b6
27. Rxc6 h6 28. Rc7 Rdd2 29. Re1 Rxf2 30. Rxa7 Rxg2+ 31. Kh1 Rxa7 32. Kxg2 Rb7
33. Kg3 b5 34. Kh4 b4 35. g5 hxg5+ 36. Kxg5 Rb5+ 37. Kg4 b3 38. Rb1 b2 39. Kh4
g6 {White resigns} 0-1

[Event "Team 45 45 League T37"]
[Site "Internet Chess Club"]
[Date "2008.05.12"]
[Round "3"]
[White "nardz"]
[Black "palito"]
[Result "0-1"]
[WhiteElo "2116"]
[BlackElo "2132"]
[Opening "Trompowsky attack (Ruth, Opocenský opening)"]
[ECO "A45"]
[Time "04:00:45"]
[TimeControl "2700+45"]

1. d4 Nf6 2. Bg5 Ne4 3. Bf4 c5 4. f3 Qa5+ 5. c3 Nf6 6. Nd2 cxd4 7. Nb3 Qf5 8.
Qxd4 Nc6 9. Qd2 e5 10. Bg3 d5 11. e3 Be7 12. Bd3 Qe6 13. Bc2 O-O 14. Ne2 b5 15.
O-O b4 16. a3 bxa3 17. bxa3 Ba6 18. Rfd1 Rfd8 19. Bf2 Bc4 20. Ng3 g6 21. Nc1
Rab8 22. f4 Ng4 23. f5 Qd6 24. Nd3 Nxf2 25. Qxf2 Bxd3 26. Bxd3 Qc5 27. Rf1 Bg5
28. Rae1 Rf8 29. c4 Rb3 30. Qc2 Bxe3+ 31. Kh1 Rxa3 32. fxg6 Nb4 33. gxf7+ Kh8
34. Qe2 Nxd3 35. Qh5 Qb6 36. c5 Qg6 37. Qf3 Nxe1 38. Rxe1 Qxf7 39. Qg4 {White
resigns} 0-1

[Event "Team 45 45 League T37"]
[Site "Internet Chess Club"]
[Date "2008.05.11"]
[Round "3"]
[White "kolibandi"]
[Black "NFork"]
[Result "0-1"]
[WhiteElo "2044"]
[BlackElo "2231"]
[Opening "Pirc defense"]
[ECO "B07"]
[Time "14:09:10"]
[TimeControl "2700+45"]

1. e4 d6 2. d4 Nf6 3. Nc3 g6 4. Be3 Bg7 5. Qd2 Ng4 6. Bg5 h6 7. Bh4 O-O 8. f3
Nf6 9. O-O-O c6 10. g4 Qa5 11. g5 hxg5 12. Bxg5 b5 13. Kb1 b4 14. Nce2 c5 15.
Bh6 c4 16. Bxg7 Kxg7 17. Nc1 c3 18. Nb3 Qc7 19. bxc3 bxc3 20. Qe3 a5 21. Ka1 Ba6
22. Bxa6 Nxa6 23. Rd3 Nb4 24. Rxc3 Nxc2+ 25. Kb2 Nxe3 26. Rxc7 Nd1+ {White
resigns} 0-1

[Event "Team 45 45 League T37"]
[Site "Internet Chess Club"]
[Date "2008.05.11"]
[Round "3"]
[White "eurander"]
[Black "chiiwen"]
[Result "1-0"]
[WhiteElo "2185"]
[BlackElo "2065"]
[Opening "Sicilian: accelerated fianchetto, modern variation with Bc4"]
[ECO "B35"]
[Time "11:28:39"]
[TimeControl "2700+45"]

1. e4 c5 2. Nf3 g6 3. d4 cxd4 4. Nxd4 Nc6 5. Nc3 Bg7 6. Be3 Nf6 7. Bc4 O-O 8.
Bb3 a5 9. O-O a4 10. Nxa4 Nxe4 11. Nb5 Ra6 12. c4 d6 13. Qe2 Nf6 14. Rad1 b6 15.
Rfe1 Bd7 16. Nac3 Re8 17. f3 Ra8 18. Qf2 Rb8 19. a3 Na5 20. Ba2 Bxb5 21. cxb5
Nd7 22. Ne4 Nb7 23. b4 Ra8 24. Bc1 Nf6 25. Qd4 Rb8 26. Bg5 Nxe4 27. Qxe4 Qd7 28.
Qc6 Qf5 29. Rxe7 Rxe7 30. Bxe7 Qe5 31. Bh4 g5 32. Bf2 Qe7 33. Re1 Be5 34. Qxb6
Re8 35. Bd5 Nd8 36. Bg3 Qf6 37. Bxe5 Rxe5 38. Rxe5 Qxe5 39. Qxd8+ Kg7 40. Kf1
Qxd5 41. Qe7 Qxb5+ 42. Qe2 Qf5 43. Qb2+ f6 44. b5 Qd3+ 45. Kf2 Qc4 46. b6 Qh4+
47. Ke2 Qxh2 48. Kd3 Qg1 49. b7 Qd1+ 50. Kc4 Qa4+ 51. Kd5 Qa5+ 52. Ke6 Qe5+ 53.
Qxe5 {Black resigns} 1-0

[Event "Team 45 45 League T37"]
[Site "Internet Chess Club"]
[Date "2008.05.10"]
[Round "3"]
[White "nanning"]
[Black "burnsja2003"]
[Result "0-1"]
[WhiteElo "1626"]
[BlackElo "1690"]
[Opening "Sicilian: Alapin's variation (2.c3)"]
[ECO "B22"]
[Time "09:05:55"]
[TimeControl "2700+45"]

1. e4 c5 2. c3 d5 3. exd5 Qxd5 4. d4 Nf6 5. dxc5 Qxc5 6. Be3 Qc7 7. h3 e6 8. Nf3
Bd6 9. Bb5+ Nc6 10. Nbd2 O-O 11. O-O Ne5 12. Qe2 a6 13. Ba4 b5 14. Bc2 Bb7 15.
Bg5 Nxf3+ 16. Nxf3 Be7 17. Rad1 Rad8 18. Rd4 Rxd4 19. Nxd4 Bd5 20. Rd1 Qb7 21.
f3 Qc7 22. Qd3 Bc4 23. Qd2 Rd8 24. b3 Bd5 25. Qd3 g6 26. Qe3 Rc8 27. Rc1 e5 28.
Ne2 Bc5 29. Nd4 exd4 30. cxd4 Ba3 31. Bxf6 Bxc1 32. Qxc1 Qxc2 33. Qh6 Qc1+
{White resigns} 0-1

[Event "Team 45 45 League T37"]
[Site "Internet Chess Club"]
[Date "2008.05.10"]
[Round "3"]
[White "dscvdchk"]
[Black "SATELLITE-DAN"]
[Result "1-0"]
[WhiteElo "1552"]
[BlackElo "1613"]
[Opening "QGD semi-Slav"]
[ECO "D43"]
[Time "23:01:52"]
[TimeControl "2700+45"]

1. d4 Nf6 2. c4 e6 3. Nf3 d5 4. Nc3 c6 5. cxd5 exd5 6. Bg5 Be7 7. e3 Bf5 8. Bd3
Bxd3 9. Qxd3 Nbd7 10. O-O O-O 11. Ne5 Nxe5 12. dxe5 Nd7 13. Bxe7 Qxe7 14. f4 f6
15. exf6 Rxf6 16. Rf3 Nc5 17. Qd4 Ne6 18. Qd2 Rd8 19. Qf2 Rdf8 20. Rf1 Nc5 21.
Qc2 b5 22. b4 Nd7 23. a3 Re6 24. Rh3 Nf6 25. Rff3 h6 26. Qd3 Ne4 27. Ne2 Nf6 28.
Nd4 Re4 29. Nxc6 Qc7 30. Ne5 Nd7 31. Qxd5+ {Black resigns} 1-0

[Event "Team 45 45 League T37"]
[Site "Internet Chess Club"]
[Date "2008.05.12"]
[Round "3"]
[White "vampi"]
[Black "Just-Jim"]
[Result "1-0"]
[WhiteElo "1526"]
[BlackElo "1308"]
[Opening "Scandinavian (center counter) defense"]
[ECO "B01"]
[Time "18:25:12"]
[TimeControl "2700+45"]

1. e4 d5 2. exd5 Qxd5 3. Nc3 Qe5+ 4. Be2 Nc6 5. Nf3 Qd6 6. d4 Bf5 7. Be3 Nb4 8.
Nb5 Nxc2+ 9. Qxc2 Bxc2 10. Nxd6+ exd6 11. Rc1 Ba4 12. Rxc7 Bc6 13. Bc4 Nh6 14.
Bxh6 gxh6 15. d5 Kd8 16. Rxf7 Bd7 17. O-O Ke8 18. Rf4 Rc8 19. Re1+ Kd8 20. Bb3
Bg7 21. Nd4 Be5 22. Rfe4 Re8 23. Nf3 Bxb2 24. Rxe8+ Bxe8 25. h3 Rc7 26. Re6 Rc1+
27. Kh2 Bh5 28. Rxd6+ Ke7 29. Rxh6 Bxf3 30. Rxh7+ Kd6 31. gxf3 Be5+ 32. Kg2 Rc8
33. Rxb7 a5 34. Ra7 Rg8+ 35. Kf1 Bc3 36. Ra6+ Kc5 37. Ra7 Re8 38. Rc7+ Kb4 39.
d6 Re1+ 40. Kg2 Re8 41. d7 Rd8 42. Be6 Bf6 43. f4 Kb5 44. Rc8 Kb6 45. Rxd8 Bxd8
46. f5 Kc6 47. Kf3 Kd6 48. Kg4 Ke7 49. Kg5 Kf8+ 50. Kg6 a4 51. f6 a3 52. Bg4 Bb6
53. h4 Bd8 54. h5 Kg8 55. f7+ Kf8 56. h6 Bh4 57. h7 Ke7 58. h8=Q Bf6 59. Qe8+
Kd6 60. Kxf6 Kc5 61. d8=Q Kc4 62. Qe6+ Kc3 63. Qc7+ Kb2 64. Qb3+ Ka1 65. Qc1#
{Black checkmated} 1-0

[Event "Team 45 45 League T37"]
[Site "Internet Chess Club"]
[Date "2008.05.10"]
[Round "3"]
[White "mal57"]
[Black "RealChosenOne"]
[Result "0-1"]
[WhiteElo "1385"]
[BlackElo "1611"]
[Opening "Sicilian: Smith-Morra gambit"]
[ECO "B21"]
[Time "05:59:44"]
[TimeControl "2700+45"]

1. e4 c5 2. d4 cxd4 3. c3 dxc3 4. Nxc3 e6 5. Bc4 Nc6 6. Nf3 Bc5 7. O-O a6 8. e5
f6 9. Ne4 Be7 10. Nd6+ Bxd6 11. exd6 b5 12. Bb3 Qb6 13. Be3 Qb8 14. Bc5 Nh6 15.
Nd4 Na5 16. Qh5+ Nf7 17. Bb4 Nxb3 18. Nxb3 O-O 19. Rad1 Bb7 20. Nc5 Bc6 21. Nb3
Bd5 22. Rxd5 exd5 23. Qxd5 Re8 24. Qd4 Re6 25. Qf4 Qb6 26. Bc5 Qc6 27. Rd1 Rae8
28. Rf1 Nxd6 29. Bxd6 Qxd6 30. Qc1 Qc6 31. Qd1 Rd6 32. Qh5 Re5 33. Qh3 Qc2 34.
Qc3 Qxc3 35. bxc3 Rc6 36. Rc1 Rxc3 37. Rd1 Re2 38. Nc1 Rec2 {White resigns} 0-1

[Event "Team 45 45 League T37"]
[Site "Internet Chess Club"]
[Date "2008.05.13"]
[Round "3"]
[White "sean98"]
[Black "cityprosecutor"]
[Result "0-1"]
[WhiteElo "1581"]
[BlackElo "1782"]
[Opening "Sicilian: dragon, Yugoslav attack, 10.O-O-O"]
[ECO "B78"]
[Time "16:05:26"]
[TimeControl "2700+45"]

1. e4 c5 2. Nf3 d6 3. d4 cxd4 4. Nxd4 Nf6 5. Nc3 g6 6. Be3 Bg7 7. f3 Nc6 8. Qd2
Bd7 9. O-O-O O-O 10. Bc4 Ne5 11. Bb3 Rc8 12. h4 h5 13. Kb1 Nc4 14. Bxc4 Rxc4 15.
Nb3 b5 16. Bd4 a5 17. Nd5 Nxd5 18. Bxg7 Kxg7 19. exd5 a4 20. Nc1 Qc7 21. Nd3 Rc8
22. Rc1 Qb7 23. Qg5 Bf5 24. Qd2 Qxd5 25. Rhd1 Kh7 26. Ne1 Qxd2 27. Rxd2 Rxh4 28.
Rd5 b4 29. Nd3 Rhc4 30. b3 axb3 31. axb3 Rc3 32. Kb2 Bxd3 33. Rxd3 Rxd3 34. cxd3
Rxc1 35. Kxc1 f5 36. Kd2 g5 37. d4 h4 38. Ke2 e5 39. Kd3 g4 40. fxg4 fxg4 41. d5
h3 {White resigns} 0-1

[Event "Team 45 45 League T37"]
[Site "Internet Chess Club"]
[Date "2008.05.12"]
[Round "3"]
[White "mickeys"]
[Black "kingphisch"]
[Result "1-0"]
[WhiteElo "1781"]
[BlackElo "1409"]
[Opening "QGD Slav: 4.e3"]
[ECO "D11"]
[Time "19:14:31"]
[TimeControl "2700+45"]

1. d4 d5 2. Nf3 c6 3. e3 Nf6 4. c4 a6 5. a4 e6 6. Bd3 Nbd7 7. O-O b6 8. Nc3 Bb7
9. Qe2 Bb4 10. e4 dxc4 11. Bxc4 O-O 12. e5 Bxc3 13. exf6 Nxf6 14. bxc3 Re8 15.
Bg5 Rc8 16. Rfd1 h6 17. Bxf6 Qxf6 18. Bxa6 Qe7 19. Rdb1 Qc7 20. Bxb7 Qxb7 21.
Qb2 Rb8 22. Ra3 Re7 23. Rb3 b5 24. axb5 c5 25. dxc5 Qd5 26. c6 Rd8 27. c4 Qd1+
28. Ne1 Qd6 29. Rd3 Qc7 30. b6 {Black resigns} 1-0

[Event "Team 45 45 League T37"]
[Site "Internet Chess Club"]
[Date "2008.05.12"]
[Round "3"]
[White "oldsj"]
[Black "ChessChamp"]
[Result "1-0"]
[WhiteElo "1530"]
[BlackElo "1545"]
[Opening "Sicilian: dragon, Yugoslav attack, 9...Bd7"]
[ECO "B77"]
[Time "20:03:11"]
[TimeControl "2700+45"]

1. e4 c5 2. Nf3 d6 3. d4 cxd4 4. Nxd4 Nf6 5. Nc3 g6 6. Be3 Bg7 7. f3 O-O 8. Qd2
Nc6 9. Bc4 Bd7 10. Bb3 Rc8 11. O-O-O Ne5 12. h4 Nc4 13. Bxc4 Rxc4 14. Kb1 Re8
15. g4 Qa5 16. h5 b5 17. hxg6 fxg6 18. Bh6 Bh8 19. g5 Nh5 20. Rxh5 Rxd4 21. Qf4
Rxd1+ 22. Nxd1 gxh5 23. g6 Qe1 24. Qf7# {Black checkmated} 1-0

[Event "Team 45 45 League T37"]
[Site "Internet Chess Club"]
[Date "2008.05.13"]
[Round "3"]
[White "theartist"]
[Black "littleboo"]
[Result "0-1"]
[WhiteElo "1176"]
[BlackElo "1451"]
[Opening "QGD: Tarrasch defense"]
[ECO "D32"]
[Time "13:02:13"]
[TimeControl "2700+45"]

1. d4 d5 2. c4 e6 3. Nc3 c5 4. cxd5 exd5 5. Nf3 Nc6 6. Bf4 Nf6 7. e3 c4 8. a3
Qb6 9. Qc2 Bf5 10. Qxf5 Qxb2 11. Qb1 Qxc3+ 12. Nd2 Nh5 13. g3 Nxf4 14. gxf4 Bxa3
15. Be2 Bb2 16. Ra2 Qc1+ 17. Qxc1 Bxc1 18. Nf3 Nb4 19. Ra5 Bb2 20. Rb5 Bc3+ 21.
Kf1 b6 22. Rg1 O-O 23. Ne5 f6 24. Nxc4 dxc4 25. Bxc4+ Kh8 26. Kg2 Rfc8 27. Bb3
Rab8 28. Rc1 Nd3 29. Rb1 Be1 30. Rd1 Rc3 31. Ba2 Bxf2 32. Rxd3 Rxd3 33. Bc4 Rd2
34. Kf3 Re8 35. Be2 Rxe3+ 36. Kxf2 Rexe2+ 37. Kf3 Rxh2 {White resigns} 0-1

[Event "Team 45 45 League T37"]
[Site "Internet Chess Club"]
[Date "2008.05.09"]
[Round "3"]
[White "rubashov"]
[Black "SugarIslander"]
[Result "0-1"]
[WhiteElo "1577"]
[BlackElo "1652"]
[Opening "Ruy Lopez: Möller defense"]
[ECO "C78"]
[Time "15:56:44"]
[TimeControl "2700+45"]

1. e4 e5 2. Nf3 Nc6 3. Bb5 a6 4. Ba4 Nf6 5. O-O Bc5 6. Re1 O-O 7. c3 b5 8. Bc2
Bb7 9. d4 exd4 10. cxd4 Be7 11. Nc3 d6 12. Bf4 Re8 13. Qd2 Nb4 14. Bb3 c5 15. d5
c4 16. Bc2 Nxc2 17. Qxc2 Nd7 18. a4 b4 19. Nd1 Rc8 20. Ne3 a5 21. Nxc4 Ba6 22.
b3 Nb6 23. Nfd2 Bf6 24. Rac1 Nxc4 25. Nxc4 Bxc4 26. bxc4 Bc3 27. Bd2 Rxc4 28.
Bxc3 Rxc3 29. Qb2 Qc7 30. Rxc3 Qxc3 31. Qxc3 bxc3 32. f3 f5 33. Kf2 Rb8 34. exf5
Rb2+ 35. Kg3 Rd2 36. Rc1 c2 37. h3 Kf7 38. f4 Kf6 39. Kf3 Kxf5 40. g4+ Kf6 41.
Ke3 Rh2 42. Kd4 Rf2 43. Ke3 Rh2 44. Kd4 h6 45. Ke4 g6 46. Kd3 Rxh3+ 47. Kxc2 Rf3
48. Re1 Rxf4 49. Re6+ Kf7 50. Kb3 Rxg4 51. Rxd6 Rb4+ 52. Ka3 Rd4 {White resigns}
0-1